 Dungeon Crawl Stone Soup version 0.31.0-11-ge490571c62 (webtiles) character file.

Game seed: 8614721836692970610

5308 inmateoo the Cleaver (level 10, -2/88 HPs)
             Began as a Minotaur Fighter on Jan 26, 2024.
             Was a Follower of the Shining One.
             Succumbed to a killer bee's poison
             ... on level 9 of the Dungeon.
             The game lasted 00:06:06 (6581 turns).

inmateoo the Cleaver (Minotaur Fighter)             Turns: 6581, Time: 00:06:07

Health: -2/88      AC: 13    Str: 25    XL:     10   Next: 37%
Magic:  12/12      EV: 10    Int:  5    God:    the Shining One [*.....]
Gold:   366        SH:  5    Dex: 10    Spells: 9/9 levels left

rFire   + . .        j - +4 broad axe
rCold   . . .        c - +0 buckler
rNeg    . . .        i - +0 chain mail
rPois   .            (helmet restricted)
rElec   .            (no cloak)
rCorr   .            (no gloves)
SInv    .            e - +1 pair of boots
Will    +....        n - amulet of magic regeneration Stlth
                     f - ring of protection from fire
HPRegen 0.34/turn    k - ring of willpower
MPRegen 0.53/turn

%: no passive effects
@: lethally poisoned (-2 -> -11), slowed, glowing, very slow
A: horns 2, retaliatory headbutt
a: Renounce Religion, Divine Shield


You were on level 9 of the Dungeon.
You worshipped the Shining One.
The Shining One was aware of your devotion.
You visited 1 branch of the dungeon, and saw 9 of its levels.

You collected 569 gold pieces.
You spent 203 gold pieces at shops.

Inventory:

Hand Weapons
 j - a +4 broad axe (weapon)
Missiles
 a - 2 throwing nets (quivered)
Armour
 c - a +0 buckler (worn)
 e - a +1 pair of boots (worn)
 i - a +0 chain mail (worn)
Jewellery
 f - a ring of protection from fire (left hand)
 k - a ring of willpower (right hand)
 n - an amulet of magic regeneration (around neck)
 w - a ring of protection from cold
 y - an amulet of regeneration
Wands
 m - a wand of charming (7)
 t - a wand of iceblast (9)
 v - a wand of quicksilver (4)
Scrolls
 g - a scroll of fear
 l - 3 scrolls of teleportation
 o - 2 scrolls of enchant armour
 p - a scroll of blinking
 q - 3 scrolls of revelation
Potions
 b - 2 potions of enlightenment
 d - a potion of might
 h - a potion of curing {unknown}
 r - 3 potions of mutation
 s - a potion of brilliance {unknown}
 u - a potion of berserk rage {unknown}
 x - a potion of ambrosia {unknown}


   Skills:
 + Level 8.2 Fighting
 * Level 10.4 Axes
 + Level 8.2 Armour
 + Level 6.2 Dodging
 + Level 8.1 Shields
 + Level 4.6 Invocations


You had 9 spell levels left.
You didn't know any spells.
Your spell library contained the following spells:

 Spells                   Type           Power      Damage    Failure   Level
 Freeze                   Ice            0%         1d3       95%         1
 Jinxbite                 Hex            0%         N/A       99%         2
 Frozen Ramparts          Ice            0%         1d1       100%        3
 Fugue of the Fallen      Necr           0%         N/A       100%        3
 Hailstorm                Conj/Ice       0%         3d5       100%        3
 Inner Flame              Hex/Fire       0%         N/A       100%        3
 Ozocubu's Armour         Ice            0%         N/A       100%        3
 Summon Ice Beast         Ice/Summ       0%         N/A       100%        3
 Volatile Blastmotes      Fire/Tloc      0%         2d10      100%        3
 Fulminant Prism          Conj/Alch      0%         3d5       100%        4
 Iskenderun's Mystic Bla  Conj/Tloc      0%         2d3       100%        4
 Manifold Assault         Tloc           0%         N/A       100%        4
 Irradiate                Conj/Alch      0%         3d11      100%        5
 Summon Mana Viper        Hex/Summ       0%         N/A       100%        5
 Yara's Violent Unravell  Hex/Alch       0%         3d3       100%        5
 Enfeeble                 Hex            0%         N/A       100%        7
 Monstrous Menagerie      Summ           0%         N/A       100%        7
 Ignition                 Fire           0%         3d3       100%        8


Dungeon Overview and Level Annotations

Branches:
Dungeon (9/15)             Temple (0/1) D:4
   Lair: D:8-11         Orc: D:9-12

Altars:
Cheibriados
Kikubaaqudgha
Makhleb
Okawaru
Ru
Trog
Vehumet
The Shining One

Shops:
D:4 *   D:6 ?

Annotations:
D:9 3 transporters


Innate Abilities, Weirdness & Mutations

You have a pair of horns on your head.
You reflexively headbutt those who attack you in melee.


Message History

The killer bee stings you but does no damage.
You slash the hornet!
The hornet is almost dead.
You hit the killer bee. You slash the killer bee!
You kill the killer bee!
You feel extremely sick. You block the killer bee's attack.
The hornet barely misses you. You furiously retaliate!
You headbutt the hornet. You block the killer bee's attack.
The killer bee stings you but does no damage.
The hornet stings you.
* * * LOW HITPOINT WARNING * * *
You feel as though you will be slow longer.
The killer bee stings you but does no damage.
The killer bee stings you.
* * * LOW HITPOINT WARNING * * *
The hornet stings you!
* * * LOW HITPOINT WARNING * * *
You feel as though you will be slow longer.
The killer bee stings you but does no damage. x2
Okay, then.
You barely miss the hornet.
The hornet is almost dead.
You slash the killer bee! You closely miss the killer bee.
* * * LOW HITPOINT WARNING * * *
You feel very sick. The killer bee closely misses you. You furiously retaliate!
You headbutt the killer bee!
You kill the killer bee!
The killer bee stings you but does no damage.
The hornet stings you.
* * * LOW HITPOINT WARNING * * *
You feel as though you will be slow longer.
The killer bee stings you but does no damage.
The hornet stings you but does no damage.
You slash the hornet!
You kill the hornet!
You barely miss the killer bee.
You hit the killer bee but do no damage.
You die...

.................................
.....##########################..
###..# #.. #..# #..
#..################### #..
###.>..)..[............. ...
......))................ ...
....................?...
################@y##### #.y# #y.#
#c.# .... ..... ..... .......


You could see a centaur and 3 killer bees.

Vanquished Creatures
  A hornet (D:9)
  13 yaks
  A wyvern (D:7)
  A steam dragon (D:8)
  Duvessa (D:5)
  2 water moccasins
  4 orc warriors
  A sky beast (D:5)
  2 ogres
  2 centaurs
  2 bullfrogs
  A gnoll sergeant (D:8)
  2 scorpions
  Dowan (D:5)
  12 killer bees (D:9)
  A howler monkey (D:7)
  A bombardier beetle (D:5)
  2 jellies
  3 orc priests
  5 hounds
  2 gnoll boudas (D:8)
  3 iguanas (D:5)
  11 orc wizards
  17 gnolls
  8 adders
  2 white imps
  2 ribbon worms (D:5)
  A dart slug (D:5)
  23 orcs
  5 endoplasms
  5 giant cockroaches
  5 goblins
  3 hobgoblins
  3 jackals (D:3)
  3 quokkas
  6 ball pythons
  4 bats
  3 frilled lizards
  8 kobolds
  4 rats
176 creatures vanquished.

Notes
Turn   | Place    | Note
-------+----------+-------------------------------------------
     0 | D:1      | inmateoo the Minotaur Fighter began the quest for the Orb.
     0 | D:1      | Reached XP level 1. HP: 19/19 MP: 0/0
   128 | D:1      | Reached XP level 2. HP: 24/27 MP: 1/1
   416 | D:2      | Reached skill level 3 in Axes
   429 | D:2      | Reached XP level 3. HP: 32/33 MP: 2/2
   707 | D:2      | Reached skill level 1 in Dodging
   707 | D:2      | Reached XP level 4. HP: 40/40 MP: 3/3
  1174 | D:3      | You fall into a shaft and drop 1 floor!
  1181 | D:4      | Found a radiant altar of Vehumet.
  1184 | D:4      | Found a burning altar of Makhleb.
  1186 | D:4      | Found an ancient bone altar of Kikubaaqudgha.
  1187 | D:4      | Found a glowing golden altar of the Shining One.
  1244 | D:4      | Became a worshipper of the Shining One
  1299 | D:4      | Reached skill level 4 in Axes
  1300 | D:4      | Reached XP level 5. HP: 35/47 MP: 4/4
  1571 | D:4      | Found Plog's Overcharged Wands.
  1610 | D:4      | Found a staircase to the Ecumenical Temple.
  2295 | D:3      | Reached XP level 6. HP: 36/53 MP: 5/5
  2728 | D:5      | Entered Level 5 of the Dungeon
  2743 | D:5      | Reached skill level 5 in Axes
  2803 | D:5      | Noticed Duvessa
  2805 | D:5      | Noticed Dowan
  2811 | D:5      | Killed Duvessa
  2812 | D:5      | Reached skill level 5 in Fighting
  2812 | D:5      | Reached skill level 5 in Armour
  2812 | D:5      | Reached skill level 5 in Shields
  2816 | D:5      | Killed Dowan
  2834 | D:5      | Reached XP level 7. HP: 61/61 MP: 6/6
  2916 | D:5      | Reached skill level 6 in Axes
  3580 | D:6      | Found Ting's Magic Scroll Shop.
  3585 | D:6      | Bought a scroll of enchant weapon for 105 gold pieces
  3585 | D:6      | Bought a scroll of identify for 28 gold pieces
  3585 | D:6      | Bought a scroll of identify for 28 gold pieces
  3585 | D:6      | Bought a scroll of teleportation for 42 gold pieces
  3641 | D:6      | Found an iron altar of Okawaru.
  3661 | D:6      | Reached * piety under the Shining One
  3746 | D:6      | Reached skill level 1 in Invocations
  3748 | D:6      | Reached XP level 8. HP: 37/70 MP: 7/7
  3978 | D:6      | Reached skill level 7 in Axes
  4359 | D:7      | Reached skill level 8 in Axes
  4361 | D:7      | Reached XP level 9. HP: 15/78 MP: 8/10
  4913 | D:7      | Reached skill level 5 in Dodging
  5201 | D:8      | Reached skill level 9 in Axes
  5669 | D:8      | Reached XP level 10. HP: 88/88 MP: 12/12
  5787 | D:8      | Found a sacrificial altar of Ru.
  6237 | D:9      | Reached skill level 10 in Axes
  6265 | D:9      | Found a snail-covered altar of Cheibriados.
  6265 | D:9      | Found a bloodstained altar of Trog.
  6497 | D:9      | Found a transporter.
  6505 | D:9      | Found a transporter.
  6537 | D:9      | Found a transporter.
  6575 | D:9      | Paralysed by a hornet for 2 turns
  6580 | D:9      | HP: 2/88 [poisoned by a killer bee]
  6581 | D:9      | Succumbed to a killer bee's poison

Illustrated notes

Levels and vault maps discovered:
D:1:      dpeg_arrival_water_temple_mockup, layout_rooms
D:2:      layout_basic, mrwooster_statue_mirror
D:3:      minmay_door_path, layout_basic
D:4:      layout_loops_ring, grunt_temple_overflow_open,
          lemuel_temple_firewalk_b, nicolae_shop_overcharged_wands
D:5:      layout_basic, nrook_campfire, hangedman_decor_slide_cut, uniq_duvessa
D:6:      layout_gridville, okawaru_gym_becter, serial_shops, shop,
          minmay_misc_feat_columns
D:7:      layout_gridville, abandoned_shop
D:8:      layout_loops_ring, nicolae_ru_great_annihilating_truth,
          minmay_misc_feat_four_crosses
D:9:      layout_long_grid, nicolae_dithmenos_the_darkroom,
          gammafunk_temple_overflow_elements, nicolae_transporter_intersection

Skill      XL: |  1  2  3  4  5  6  7  8  9 10 |
---------------+-------------------------------+-----
Axes           | 3 4 5 6 8 9 10 | 10.4
Shields        | 4 5 6 7 8 |  8.1
Fighting       | 4 5 6 7 8 |  8.2
Armour         | 4 5 6 7 8 |  8.2
Dodging        | 1 2 3 4 5 6 |  6.2
Invocations    | 1 2 4 |  4.6

Action                     |  1- 3 |  4- 6 |  7- 9 | 10-12 || total
---------------------------+-------+-------+-------+-------++-------
  Melee: War axe           |    52 |     3 |       |       ||    55
         Headbutt          |     7 |    14 |    34 |    11 ||    66
         Broad axe         |       |   103 |   164 |    54 ||   321
    Use: Scroll            |       |    13 |     6 |       ||    19
         Potion            |       |       |     2 |       ||     2
 Armour: Scale mail        |    41 |     1 |       |       ||    42
         Chain mail        |       |    86 |   125 |    66 ||   277
         Skin              |       |       |    11 |       ||    11
  Dodge: Dodged            |    24 |    48 |    66 |    48 ||   186
  Block: Buckler           |     9 |    27 |    41 |    25 ||   102
